AZL
CLEVELAND (AZL) GUARDIANS @ LOS ANGELES A (AZL) ANGELS
08/18/2099
 
TOP OF THE 1ST
Cleveland (AZL) Guardians batting - Pitching for Los Angeles A (AZL) Angels : RHP Brendan Wagner
Pitching: RHP Brendan Wagner
Batting: RHB Jerry Samaniego 0-0: Foul Ball, location: 5FF
0-1: Fly out, F9 (Line Drive, 9LM, EV 86.3 MPH)
Batting: RHB Frank Gamez 0-0: Ball
1-0: Called Strike
1-1: Ball
2-1: Ball
3-1: Swinging Strike
3-2: Foul Ball, location: 2F
3-2: Foul Ball, location: 2LF
3-2: Base on Balls
Batting: RHB Eddie Hall 0-0: Ball
1-0: Foul Ball, location: 23F
1-1: Ball
2-1: Swinging Strike
2-2: Foul Ball, location: 2F
2-2: 2-RUN HOME RUN (Flyball, 78XD, EV 108.1 MPH), Distance : 426 ft
Batting: SHB Nick Sage 0-0: Called Strike
0-1: Ground out U3 (Groundball, 3, EV 97.5 MPH)
Batting: LHB Jimmy Pirollo 0-0: Ball
1-0: Ball
2-0: Ball
3-0: Base on Balls
Batting: RHB Jesse Ellison 0-0: Foul Ball, location: 7LSF
0-1: Swinging Strike
0-2: Ball
1-2: Strikes out swinging
Top of the 1st over - 2 runs, 1 hit, 0 errors, 1 left on base; Cleveland (AZL) 2 - Los Angeles A (AZL) 0
BOTTOM OF THE 1ST
Los Angeles A (AZL) Angels batting - Pitching for Cleveland (AZL) Guardians : RHP Carlos de Anda
Pitching: RHP Carlos de Anda
Batting: RHB Craig Dolan 0-0: Ball
1-0: Foul Ball, location: 7LSF
1-1: Ball
2-1: Ground out 5-3 (Groundball, 56S, EV 90.6 MPH)
Batting: LHB Carlos Aranda 0-0: Called Strike
0-1: Foul Ball, location: 5FF
0-2: Ball
1-2: Ball
2-2: Foul Ball, location: 7LDF
2-2: Fly out, F9 (Flyball, 9LM, EV 85.0 MPH)
Batting: RHB Hector Castillo 0-0: Called Strike
0-1: SINGLE (Groundball, 34D, EV 103.1 MPH)
Batting: RHB Juan Thomas 0-0: Ball
1-0: Swinging Strike
1-1: Called Strike
Hector Castillo steals 2nd base
1-2: Ball
2-2: Ground out 4-3 (Groundball, 34, EV 84.4 MPH)
Bottom of the 1st over - 0 runs, 1 hit, 0 errors, 1 left on base; Cleveland (AZL) 2 - Los Angeles A (AZL) 0
TOP OF THE 2ND
Cleveland (AZL) Guardians batting - Pitching for Los Angeles A (AZL) Angels : RHP Brendan Wagner
Batting: LHB Greg Novotney 0-0: Swinging Strike
0-1: Foul Ball, location: 2F
0-2: Ball
1-2: Ball
2-2: Ball
3-2: Base on Balls
Batting: RHB Jose Ramirez 0-0: Called Strike
0-1: Foul Ball, location: 9LSF
0-2: Strikes out swinging
Batting: RHB Steve Riley 0-0: Ball
1-0: Ball
2-0: Fly out, F4 (Popup, 4S, EV 54.4 MPH)
Batting: RHB Jerry Samaniego 0-0: Ball
1-0: Foul Ball, location: 9LMF
1-1: Ball
2-1: Called Strike
2-2: Foul Ball, location: 3FF
2-2: Ball
3-2: TRIPLE (Line Drive, 8LXD, EV 110.0 MPH)
Greg Novotney scores
Batting: RHB Frank Gamez 0-0: Ball
1-0: Ball
2-0: Ball
3-0: Base on Balls
Batting: RHB Eddie Hall 0-0: Called Strike
0-1: SINGLE (Groundball, 34D, EV 106.9 MPH)
Jerry Samaniego scores
Frank Gamez to second
Runner from 2nd tries for 3rd, SAFE, no throw by RF
Batting: SHB Nick Sage 0-0: Ball
1-0: Ball
2-0: Foul Ball, location: 5DF
2-1: SINGLE (Line Drive, 56D, EV 98.1 MPH)
Frank Gamez scores
Eddie Hall to second
Pitching: RHP Roberto Heredia
Batting: LHB Jimmy Pirollo 0-0: Ball
1-0: Foul Ball, location: 3FF
1-1: Called Strike
1-2: Fly out, F4 (Popup, 4, EV 68.8 MPH)
Top of the 2nd over - 3 runs, 3 hits, 0 errors, 2 left on base; Cleveland (AZL) 5 - Los Angeles A (AZL) 0
BOTTOM OF THE 2ND
Los Angeles A (AZL) Angels batting - Pitching for Cleveland (AZL) Guardians : RHP Carlos de Anda
Batting: RHB Taylor Clarke 0-0: Called Strike
0-1: Ball
1-1: Swinging Strike
1-2: Foul Ball, location: 9LDF
1-2: Strikes out swinging
Batting: RHB Kevin Barnett 0-0: Swinging Strike
0-1: Called Strike
0-2: Ball
1-2: Strikes out looking
Batting: RHB Brendan Wagner 0-0: Called Strike
0-1: Foul Ball, location: 5FF
0-2: Fly out, F9 (Flyball, 9D, EV 111.3 MPH)
Bottom of the 2nd over - 0 runs, 0 hits, 0 errors, 0 left on base; Cleveland (AZL) 5 - Los Angeles A (AZL) 0
TOP OF THE 3RD
Cleveland (AZL) Guardians batting - Pitching for Los Angeles A (AZL) Angels : RHP Roberto Heredia
Batting: RHB Jesse Ellison 0-0: Ball
1-0: TRIPLE (Line Drive, 9LD, EV 107.5 MPH)
Batting: LHB Greg Novotney 0-0: Ball
1-0: Fly out, F6 (Line Drive, 6D, EV 68.8 MPH)
Batting: RHB Jose Ramirez 0-0: Fly out, F9 (Flyball, 9S, EV 90.6 MPH)
Batting: RHB Steve Riley 0-0: Swinging Strike
0-1: Ground out 4-3 (Groundball, 4, EV 86.9 MPH)
Top of the 3rd over - 0 runs, 1 hit, 0 errors, 1 left on base; Cleveland (AZL) 5 - Los Angeles A (AZL) 0
BOTTOM OF THE 3RD
Los Angeles A (AZL) Angels batting - Pitching for Cleveland (AZL) Guardians : RHP Carlos de Anda
Pitching: RHP Mike Bingham
Batting: RHB Tristan Ballowe 0-0: Ball
1-0: Ball
2-0: Foul Ball, location: 2F
2-1: Ball
3-1: Called Strike
3-2: Strikes out swinging
Batting: RHB Danny Martinez 0-0: Ball
1-0: Called Strike
1-1: Swinging Strike
1-2: Strikes out swinging
Batting: RHB Craig Dolan 0-0: Ball
1-0: Ground out 5-3 (Groundball, 56S, EV 77.5 MPH)
Bottom of the 3rd over - 0 runs, 0 hits, 0 errors, 0 left on base; Cleveland (AZL) 5 - Los Angeles A (AZL) 0
TOP OF THE 4TH
Cleveland (AZL) Guardians batting - Pitching for Los Angeles A (AZL) Angels : RHP Roberto Heredia
Batting: RHB Jerry Samaniego 0-0: Ball
1-0: Foul Ball, location: 2F
1-1: Ground out 4-3 (Groundball, 4S, EV 63.8 MPH)
Batting: RHB Frank Gamez 0-0: Called Strike
0-1: Foul Ball, location: 2F
0-2: Hit by Pitch
Batting: RHB Eddie Hall 0-0: Ball
1-0: Fly out, F8 (Flyball, 8RD, EV 110.0 MPH)
Batting: SHB Nick Sage 0-0: Ball
1-0: Ground out 4-3 (Groundball, 4, EV 101.3 MPH)
Top of the 4th over - 0 runs, 0 hits, 0 errors, 1 left on base; Cleveland (AZL) 5 - Los Angeles A (AZL) 0
BOTTOM OF THE 4TH
Los Angeles A (AZL) Angels batting - Pitching for Cleveland (AZL) Guardians : RHP Mike Bingham
Batting: LHB Carlos Aranda 0-0: Foul Ball, location: 2RF
0-1: Swinging Strike
0-2: Ball
1-2: Foul Ball, location: 2F
1-2: Strikes out swinging
Batting: RHB Hector Castillo 0-0: Called Strike
0-1: Ball
1-1: SINGLE (Groundball, 6MD, EV 98.8 MPH)
Batting: RHB Juan Thomas 0-0: Foul Ball, location: 2F
0-1: Ball
Hector Castillo steals 2nd base
1-1: Foul Ball, location: 5FF
1-2: Foul Ball, location: 2F
1-2: Foul Ball, location: 2F
1-2: Ball
2-2: Foul Ball, location: 7LSF
2-2: Fly out, F7 (Flyball, 7S, EV 84.4 MPH)
Batting: RHB Taylor Clarke 0-0: Foul Ball, location: 3SF
0-1: Ground out 6-3 (Groundball, 56, EV 87.5 MPH)
Bottom of the 4th over - 0 runs, 1 hit, 0 errors, 1 left on base; Cleveland (AZL) 5 - Los Angeles A (AZL) 0
TOP OF THE 5TH
Cleveland (AZL) Guardians batting - Pitching for Los Angeles A (AZL) Angels : RHP Roberto Heredia
Batting: LHB Jimmy Pirollo 0-0: Fly out, F8 (Flyball, 8RD, EV 110.6 MPH)
Batting: RHB Jesse Ellison 0-0: Foul Ball, location: 2F
0-1: Foul Ball, location: 9LDF
0-2: Ball
1-2: Foul Ball, location: 2F
1-2: Ground out 6-3 (Groundball, 6, EV 80.6 MPH)
Batting: LHB Greg Novotney 0-0: Ball
1-0: Called Strike
1-1: Ball
2-1: Swinging Strike
2-2: Foul Ball, location: 2F
2-2: SINGLE (Line Drive, 8LS, EV 101.9 MPH)
Pitching: RHP Jose Alvarinho
Batting: RHB Jose Ramirez 0-0: Called Strike
0-1: Ball
1-1: Swinging Strike
1-2: Strikes out swinging
Top of the 5th over - 0 runs, 1 hit, 0 errors, 1 left on base; Cleveland (AZL) 5 - Los Angeles A (AZL) 0
BOTTOM OF THE 5TH
Los Angeles A (AZL) Angels batting - Pitching for Cleveland (AZL) Guardians : RHP Mike Bingham
Batting: RHB Kevin Barnett 0-0: Swinging Strike
0-1: Ball
1-1: Swinging Strike
1-2: Strikes out swinging
Batting: RHB Brendan Wagner 0-0: Ball
1-0: Foul Ball, location: 9LSF
1-1: Fly out, F9 (Flyball, 9, EV 94.4 MPH)
Batting: RHB Tristan Ballowe 0-0: Called Strike
0-1: Called Strike
0-2: Ball
1-2: Strikes out swinging
Bottom of the 5th over - 0 runs, 0 hits, 0 errors, 0 left on base; Cleveland (AZL) 5 - Los Angeles A (AZL) 0
TOP OF THE 6TH
Cleveland (AZL) Guardians batting - Pitching for Los Angeles A (AZL) Angels : RHP Jose Alvarinho
Batting: RHB Steve Riley 0-0: Ball
1-0: Swinging Strike
1-1: Ball
2-1: Fly out, F8 (Line Drive, 8RD, EV 98.8 MPH)
Batting: RHB Jerry Samaniego 0-0: Swinging Strike
0-1: Swinging Strike
0-2: Ball
1-2: Foul Ball, location: 2F
1-2: Ball
2-2: Foul Ball, location: 3FF
2-2: Ball
3-2: SINGLE (Line Drive, 7LS, EV 88.1 MPH)
Batting: RHB Frank Gamez 0-0: Ball
1-0: Foul Ball, location: 2F
1-1: Fly out, F8 (Flyball, 8LD, EV 105.0 MPH)
Batting: RHB Eddie Hall 0-0: Called Strike
Jerry Samaniego is caught stealing 2nd base 2-4
Top of the 6th over - 0 runs, 1 hit, 0 errors, 0 left on base; Cleveland (AZL) 5 - Los Angeles A (AZL) 0
BOTTOM OF THE 6TH
Los Angeles A (AZL) Angels batting - Pitching for Cleveland (AZL) Guardians : RHP Mike Bingham
Batting: RHB Danny Martinez 0-0: Foul Ball, location: 2F
0-1: SINGLE (Line Drive, 3D, EV 97.5 MPH)
Batting: RHB Craig Dolan 0-0: Fielders Choice at 2nd, 2-4 (Groundball, 15S, EV 73.1 MPH)
Batting: LHB Carlos Aranda 0-0: Foul Ball, location: 7LSF
0-1: SINGLE (Line Drive, 89S, EV 105.6 MPH)
Craig Dolan to second
Batting: RHB Hector Castillo 0-0: Foul Ball, location: 5DF
0-1: Ball
1-1: Foul Ball, location: 7LSF
1-2: Ball
2-2: Ball
3-2: Base on Balls
Craig Dolan to third
Carlos Aranda to second
Batting: RHB Juan Thomas 0-0: Foul Ball, location: 9LSF
0-1: Called Strike
0-2: SINGLE (Line Drive, 4D, EV 102.5 MPH)
Craig Dolan scores
Carlos Aranda to third
Hector Castillo to second
Pinch Hitting: LHB Dan Earl 0-0: Ball
1-0: Foul Ball, location: 7LDF
1-1: Called Strike
1-2: Strikes out swinging
Pinch Hitting: RHB Greg Crater 0-0: Ball
1-0: Foul Ball, location: 5F
1-1: SINGLE (Groundball, 4MD, EV 99.4 MPH)
Carlos Aranda scores
Hector Castillo to third
Juan Thomas to second
Runner from 3rd tries for Home, SAFE, throw by CF to home
Batting: LHB Raul Paredes 0-0: Called Strike
0-1: Called Strike
0-2: Ball
1-2: Ball
2-2: Ground out 4-3 (Groundball, 4D, EV 106.9 MPH)
Bottom of the 6th over - 3 runs, 4 hits, 0 errors, 2 left on base; Cleveland (AZL) 5 - Los Angeles A (AZL) 3
TOP OF THE 7TH
Cleveland (AZL) Guardians batting - Pitching for Los Angeles A (AZL) Angels : RHP Jose Alvarinho
Pitching: RHP Victor Flores
Now at 2B: Rich Howes
Now at 3B: Wilson Dominguez
Batting: RHB Eddie Hall 0-0: Swinging Strike
0-1: Swinging Strike
0-2: Ball
1-2: Strikes out looking
Batting: SHB Nick Sage 0-0: Ball
1-0: Foul Ball, location: 2F
1-1: Fly out, F8 (Flyball, 8LD, EV 91.3 MPH)
Batting: LHB Jimmy Pirollo 0-0: Ball
1-0: Swinging Strike
1-1: Foul Ball, location: 23FF
1-2: Ball
2-2: Foul Ball, location: 9LMF
2-2: Foul Ball, location: 2F
2-2: Foul Ball, location: 2F
2-2: Fly out, F8 (Flyball, 8LM, EV 78.8 MPH)
Top of the 7th over - 0 runs, 0 hits, 0 errors, 0 left on base; Cleveland (AZL) 5 - Los Angeles A (AZL) 3
BOTTOM OF THE 7TH
Los Angeles A (AZL) Angels batting - Pitching for Cleveland (AZL) Guardians : RHP Mike Bingham
Pinch Hitting: LHB Juan Barajas 0-0: Ball
1-0: Fly out, F8 (Flyball, 8LXD, EV 109.4 MPH)
Batting: RHB Danny Martinez 0-0: Ball
1-0: Ball
2-0: Ball
3-0: Called Strike
3-1: Base on Balls
Pitching: LHP Zack Stephens
Pinch Hitting: RHB Steve Scanlon 0-0: Ball
1-0: Ball
2-0: Called Strike
2-1: Ball
3-1: Fly out, F9 (Flyball, 9S, EV 89.4 MPH)
Pinch Hitting: RHB Manuel Gonzalez 0-0: Fly out, F7 (Flyball, 78D, EV 104.4 MPH)
Bottom of the 7th over - 0 runs, 0 hits, 0 errors, 1 left on base; Cleveland (AZL) 5 - Los Angeles A (AZL) 3
TOP OF THE 8TH
Cleveland (AZL) Guardians batting - Pitching for Los Angeles A (AZL) Angels : RHP Victor Flores
Now at 1B: Manuel Gonzalez
Now in LF: Jarod Heckman
Now in RF: Juan Barajas
Pinch Hitting: LHB Franklin Vega 0-0: Called Strike
0-1: Ball
1-1: Ball
2-1: Called Strike
2-2: Ball
3-2: Strikes out swinging
Batting: LHB Greg Novotney 0-0: Called Strike
0-1: Called Strike
0-2: Ball
1-2: Ball
2-2: Foul Ball, location: 2F
2-2: Strikes out looking
Pinch Hitting: SHB Dennis Ewing 0-0: Ball
1-0: Ball
2-0: Swinging Strike
2-1: Swinging Strike
2-2: Strikes out looking
Top of the 8th over - 0 runs, 0 hits, 0 errors, 0 left on base; Cleveland (AZL) 5 - Los Angeles A (AZL) 3
BOTTOM OF THE 8TH
Los Angeles A (AZL) Angels batting - Pitching for Cleveland (AZL) Guardians : LHP Zack Stephens
Pitching: RHP Luke Newlon
Now at SS: Frank Campos
Now in CF: Jerry Samaniego
Now in RF: Chris Collins
Pinch Hitting: LHB Chad Smith 0-0: Called Strike
0-1: Ball
1-1: Called Strike
1-2: TRIPLE (Flyball, 9D, EV 104.4 MPH)
Pinch Hitting: LHB Karl Eastman 0-0: SINGLE (Line Drive, 78S, EV 93.1 MPH)
Chad Smith scores
Batting: RHB Rich Howes 0-0: Called Strike
0-1: Foul Ball, location: 2F
0-2: Ball
1-2: Ball
Passed Ball!
Karl Eastman to second
2-2: Foul Ball, location: 5DF
2-2: Hit by Pitch
Pinch Hitting: LHB Bubba Pickering 0-0: Ball
1-0: Called Strike
1-1: Ball
2-1: Foul Ball, location: 7LSFF
2-2: Ball
3-2: Strikes out swinging
Pitching: LHP Freddy Jerge
Batting: RHB Joel Bradford 0-0: Called Strike
0-1: Swinging Strike
0-2: Ball
1-2: Foul Ball, location: 25F
1-2: Ball
2-2: Ball
3-2: DOUBLE (Line Drive, 9LD, EV 104.4 MPH)
Karl Eastman scores
Rich Howes to third
Runner from 3rd tries for Home, SAFE, throw by RF to home
Batting: LHB Juan Barajas 0-0: Intentional Walk
Pitching: RHP Bob Raef
Batting: RHB Danny Martinez 0-0: Foul Ball, location: 25F
0-1: Ball
1-1: Ball
2-1: Called Strike
2-2: Ball
3-2: Base on Balls
Joel Bradford to third
Juan Barajas to second
Batting: SHB Jarod Heckman 0-0: Ball
1-0: Grounds into fielders choice 4-2 (Groundball, 34S, EV 80.6 MPH)
Juan Barajas to third
Danny Martinez to second
Pinch Hitting: LHB Steve Scott 0-0: Ball
1-0: Swinging Strike
1-1: Foul Ball, location: 25F
1-2: Foul Ball, location: 7LSF
1-2: Strikes out swinging
Bottom of the 8th over - 3 runs, 3 hits, 0 errors, 3 left on base; Cleveland (AZL) 5 - Los Angeles A (AZL) 6
TOP OF THE 9TH
Cleveland (AZL) Guardians batting - Pitching for Los Angeles A (AZL) Angels : RHP Victor Flores
Pitching: RHP Manny Fuentes
Now at 1B: Travis Holton
Now at 3B: Dylan McPeak
Now at SS: Jim Albert
Now in CF: Andalo Printz
Pinch Hitting: LHB Juan Villegas 0-0: SINGLE (Line Drive, 7LS, EV 95.6 MPH)
Batting: RHB Jerry Samaniego 0-0: Swinging Strike
0-1: Ball
1-1: Ball
2-1: Ball
3-1: Grounds into double play, 3-6-3 (Groundball, 3, EV 84.4 MPH)
Pinch Hitting: LHB Benito Arellano 0-0: Foul Ball, location: 2F
0-1: Fly out, F7 (Flyball, 7, EV 87.5 MPH)
Top of the 9th over - 0 runs, 1 hit, 0 errors, 0 left on base; Cleveland (AZL) 5 - Los Angeles A (AZL) 6
Saturday, May 11th , 2024 - OOTP Baseball 24.11 Build 85